 Dungeon Crawl Stone Soup version 0.15.0-8-gb109cf8 (webtiles) character file.

81 Kashira the Sneak (level 4, -10/37 HPs)
             Began as a Naga Enchanter on Aug 30, 2014.
             Killed by divine providence
             ... invoked by an orc priest
              (12 damage)
             ... on Level 3 of the Dungeon.
             The game lasted 00:12:13 (2024 turns).

Kashira the Sneak (Naga Enchanter)                  Turns: 2024, Time: 00:12:13

HP -10/37        AC  3     Str 10      XL: 4   Next: 40%
MP   7/7         EV 10     Int 15      God:
Gold 45          SH  0     Dex 13      Spells:  3 memorised,  1 level left

rFire  . . .     SeeInvis +     o - +0 dagger (venom)
rCold  . . .     Clarity  .     b - +1 robe
rNeg   . . .     rCorr    .     (no shield)
rPois  +         rRot     .     (no helmet)
rElec  .         Spirit   .     (no cloak)
SustAb .         Warding  .     (no gloves)
rMut   .         Stasis   .     (no barding)
Gourm  .                        (no amulet)
MR     .....                    (no ring)
                                (no ring)

@: very slightly contaminated, hasted (expiring), quick, not resistant to
hostile enchantments, fairly stealthy
A: spit poison, see invisible, deformed body, poison resistance, slowness 2, AC
+1
a: Spit Poison


You were on level 3 of the Dungeon.
You were very hungry.

You visited 1 branch of the dungeon, and saw 3 of its levels.

You collected 45 gold pieces.

Inventory:

Hand weapons
 a - a +1 dagger
 o - a +0 dagger of venom (weapon)
Missiles
 e - 14 tomahawks (quivered)
Armour
 b - a +1 robe (worn)
Comestibles
 d - a bread ration
 j - 4 fruits
 m - a meat ration
 s - a beef jerky
Scrolls
 i - a scroll of random uselessness {unknown}
 k - a scroll of fear {unknown}
 q - a scroll of blinking {unknown}
 t - a scroll of teleportation {unknown}
Potions
 f - a potion of heal wounds
 g - a potion of resistance {unknown}
 h - a potion of haste
 l - 2 potions of cancellation {unknown}
 p - a potion of lignification {unknown}
 r - a potion of confusion {unknown}
Books
 c - a book of Maledictions

   Spells                             Type                      Level
   *Corona                            Hexes                        1
   *Sure Blade                        Hexes/Charms                 2
   Ensorcelled Hibernation            Hexes/Ice                    2
   *Confuse                           Hexes                        3
   Dazzling Spray                     Conjuration/Hexes            3
   Enslavement                        Hexes                        4


   Skills:
 + Level 0.4 Fighting
 + Level 1.1 Short Blades
 + Level 0.5 Throwing
 + Level 2.2 Dodging
 + Level 5.7 Stealth
 + Level 2.1 Spellcasting
 + Level 3.5 Hexes
 + Level 0.2 Charms


You had one spell level left.
You knew the following spells:

 Your Spells              Type           Power        Failure   Level  Hunger
a - Corona                Hex            ##.....      6%          1    #......
b - Sure Blade            Hex/Chrm       #.........   17%         2    ###....
c - Confuse               Hex            ##......     17%         3    ####...


Dungeon Overview and Level Annotations

Branches:
Dungeon (3/15)

Altars:


Innate Abilities, Weirdness & Mutations

You cannot wear boots.
You can spit poison.
Your serpentine skin is tough (AC +1).
You have supernaturally acute eyesight.
Armour fits poorly on your strangely shaped body.
Your system is resistant to poisons.
You cover ground very slowly.


Message History

You feel yourself speed up. The rat bites you but does no damage.
You are very lightly contaminated with residual magic.
The orc priest invokes the aid of Beogh against you.
Something smites you! The bond with your blade fades away.
You kill the rat!
Found a fizzy white potion.
Found a murky green potion and a leather armour.
Found a scroll labeled LAIWYT ETISY.
l - 2 fizzy white potions (gained 1)
You are feeling very hungry.
You see here a leather armour.
k - a scroll labeled LAIWYT ETISY Your extra speed is starting to run out.
The orc priest calls down the wrath of Beogh upon you.
Something smites you!
* * * LOW HITPOINT WARNING * * *
The orc priest mumbles some strange prayers to Beogh against you.
Something smites you!
You die...

.<%#......
.....(.... #
...#...... . ..##
.... .# ..# ... ##.
..# # .. #.#### .#
..o..# ##########.#
.###.###........@.#
........!o[########
...#..##.#.#
.#.#..##.#.#
.#.......#.#
......####.#
#####.####.#
...........#
############


You could see an orc priest.

Vanquished Creatures
  Jessica (D:2)
  A worm (D:2)
  2 giant geckos (D:1)
  An ooze (D:1)
  A ball python (D:3)
  A giant cockroach (D:1)
  8 goblins
  5 hobgoblins
  8 kobolds
  3 quokkas (D:2)
  8 bats
  3 giant newts
  3 jackals (D:1)
  3 rats
48 creatures vanquished.

Notes
Turn   | Place    | Note
--------------------------------------------------------------
     0 | D:1      | Kashira, the Naga Enchanter, began the quest for the Orb.
     0 | D:1      | Reached XP level 1. HP: 15/15 MP: 3/3
   141 | D:1      | Reached XP level 2. HP: 19/22 MP: 4/4
   194 | D:1      | Reached skill level 5 in Stealth
   584 | D:1      | Learned a level 2 spell: Sure Blade
   590 | D:1      | Reached XP level 3. HP: 19/28 MP: 6/6
   595 | D:1      | Learned a level 3 spell: Confuse
  1382 | D:2      | Noticed Jessica
  1388 | D:2      | Killed Jessica
  1388 | D:2      | Reached XP level 4. HP: 34/37 MP: 3/7
  2024 | D:3      | Killed from afar by an orc priest

Action                   |  1- 3 |  4- 6 || total
-------------------------+-------+-------++-------
Melee: Dagger            |    55 |    14 ||    69
Throw: Tomahawk          |     9 |    14 ||    23
 Cast: Corona            |     2 |       ||     2
       Sure Blade        |     3 |     4 ||     7
       Confuse           |     1 |     1 ||     2
 Abil: Spit Poison       |    39 |    10 ||    49
  Use: Scroll            |       |     3 ||     3
       Potion            |       |     1 ||     1
 Stab: Sleeping          |     2 |       ||     2
       Confused          |     1 |     1 ||     2
  Eat: Chunk             |     4 |     1 ||     5
       Pizza             |       |     1 ||     1
